 Dungeon Crawl Stone Soup version 0.20.1-1-g8b1a95d (webtiles) character file.

77 letownia2 the Grave Robber (level 4, 23/36 HPs)
             Began as a Deep Dwarf Necromancer on Nov 25, 2017.
             Quit the game on level 4 of the Dungeon.
             The game lasted 00:04:07 (1046 turns).

letownia2 the Grave Robber (Deep Dwarf Necromancer) Turns: 1046, Time: 00:04:08

Health: 23/36      AC:  5    Str: 11    XL:     4   Next: 13%
Magic:  7/7        EV: 11    Int: 17    God:
Gold:   84         SH:  0    Dex: 13    Spells: 3/7 levels left

rFire    . . .     SeeInvis +   (no weapon)
rCold    . . .     Gourm    .   (no shield)
rNeg     . . .     Faith    .   i - +0 ring mail
rPois    .         Spirit   .   (no helmet)
rElec    .         Reflect  .   (no cloak)
rCorr    .         Harm     .   (no gloves)
MR       .....                  (no boots)
Stlth    +.........             f - amulet of magic regeneration
Regen    0.0/turn               l - ring of see invisible
MPRegen  0.2/turn               (no ring)

@: non-regenerating, glowing
A: damage resistance, heal wounds, sense surroundings 1, no regeneration
a: Heal Wounds


You were on level 4 of the Dungeon.
You were very hungry.

You visited 1 branch of the dungeon, and saw 4 of its levels.

You collected 84 gold pieces.

Inventory:

Armour
 i - a +0 ring mail (worn)
Jewellery
 f - an amulet of magic regeneration (around neck)
 l - a ring of see invisible (left hand)
Scrolls
 d - a scroll of fog
Potions
 e - 2 potions of lignification {unknown}
 j - a potion of berserk rage {unknown}
 k - 2 potions of agility {unknown}
Books
 b - a book of Necromancy

   Spells                             Type                      Level
   a - Pain                           Necromancy                   1
   b - Animate Skeleton               Necromancy                   1
   c - Vampiric Draining              Necromancy                   3
   d - Regeneration                   Charms/Necromancy            3
   e - Animate Dead                   Necromancy                   4
   f - Control Undead                 Necromancy                   4
Comestibles
 a - a chunk of flesh
 c - a bread ration
 g - a royal jelly


   Skills:
 - Level 2.1 Dodging
 - Level 2.4 Stealth
 - Level 2.3 Spellcasting
 + Level 5.9 Necromancy


You had 3 spell levels left.
You knew the following spells:

 Your Spells              Type           Power        Failure   Level  Hunger
a - Pain                  Necr           ###.         4%          1    #......
v - Vampiric Draining     Necr           ###.......   12%         3    ###....


Dungeon Overview and Level Annotations

Branches:
Dungeon (4/15)
 Temple: D:4-7

Altars:

Shops:
D:4 [

Annotations:
D:4 vuolankoinen's ghost, amateur OpEn


Innate Abilities, Weirdness & Mutations

You are resistant to damage.
You can heal yourself by infusing magical energy.
You passively map a small area around you.
You do not regenerate.


Message History

You are no longer glowing.
Vuolankoinen's ghost hits you but does no damage.
Unknown command.
You are feeling very hungry.
You hit vuolankoinen's ghost.
Vuolankoinen's ghost is lightly damaged.
Vuolankoinen's ghost stares at you and mumbles some strange words.
You are outlined in light.
Unknown command.
You hit vuolankoinen's ghost.
Vuolankoinen's ghost is lightly damaged.
Vuolankoinen's ghost hits you but does no damage.
Unknown command.
You closely miss vuolankoinen's ghost.
Vuolankoinen's ghost is lightly damaged.
Vuolankoinen's ghost closely misses you.
You hit vuolankoinen's ghost.
Vuolankoinen's ghost is moderately damaged.
Vuolankoinen's ghost barely misses you.
Are you sure you want to abandon this character and quit the game? (Confirm with "yes".)

#......#
##.
#.....##
#.. #####.#
#.. #l# #..
#.# #.. #.#
#.. #§# #..
#########§#
###
#@Wbb...(§#
#########.#
#§# #.#
#####.#
#.....#
#####.#
#....#
####.#####


You could see vuolankoinen's ghost and 2 bats.

Vanquished Creatures
  A hound (D:4)
  2 adders (D:3)
  An ooze (D:2)
  2 dart slugs (D:3)
  3 orcs (D:3)
  3 bats
  2 giant cockroaches
  A goblin (D:3)
  A hobgoblin (D:1)
  2 frilled lizards
  A kobold (D:2)
  A rat (D:3)
20 creatures vanquished.

Notes
Turn   | Place    | Note
-------+----------+-------------------------------------------
     0 | D:1      | letownia2 the Deep Dwarf Necromancer began the quest for the Orb.
     0 | D:1      | Reached XP level 1. HP: 15/15 MP: 3/3
   286 | D:2      | Reached XP level 2. HP: 16/22 MP: 0/5
   492 | D:3      | Reached skill level 5 in Necromancy
   539 | D:3      | Reached XP level 3. HP: 14/28 MP: 3/6
   544 | D:3      | Learned a level 3 spell: Vampiric Draining
   833 | D:4      | Reached XP level 4. HP: 29/36 MP: 0/7
   933 | D:4      | Found Lasabul's Armour Shoppe.
   933 | D:4      | Noticed vuolankoinen's ghost (amateur OpEn)
  1046 | D:4      | Quit the game

Skill      XL: |  1  2 |
---------------+-------+-----
Spellcasting   | 2 |  2.3
Necromancy     | 5 |  5.9
Dodging        | |  2.1
Stealth        | |  2.4

Action                   |  1- 3 |  4- 6 || total
-------------------------+-------+-------++-------
Melee: Unarmed           |     3 |    54 ||    57
Throw: Javelin           |     5 |     3 ||     8
 Cast: Pain              |    49 |     1 ||    50
       Vampiric Draining |     4 |     2 ||     6
  Use: Scroll            |       |     1 ||     1
  Eat: Chunk             |     1 |       ||     1
Armor: Robe              |    10 |       ||    10
       Ring mail         |    21 |    28 ||    49
Dodge: Dodged            |    73 |    41 ||   114
